 Dungeon Crawl Stone Soup version 0.27-a0-291-gd9602db6ee (webtiles) character file.

Game seed: 16592156870206144843

6000 septik the Cleaver (level 10, -2/91 HPs)
             Began as a Minotaur Berserker on Feb 9, 2021.
             Was a High Priest of Trog.
             Killed from afar by an electric eel (12 damage)
             ... with a bolt of electricity
             ... on level 9 of the Dungeon.
             The game lasted 00:16:00 (9136 turns).

septik the Cleaver (Minotaur Berserker)             Turns: 9136, Time: 00:16:00

Health: -2/91      AC: 11    Str: 21    XL:     10   Next: 55%
Magic:  9/9        EV: 14    Int:  4    God:    Trog [*****.]
Gold:   445        SH:  0    Dex: 14    Spells: 9/9 levels left

rFire    + . .     SeeInvis .   a - +1 hand axe (freeze)
rCold    . . .     Faith    .   (no shield)
rNeg     . . .     Spirit   .   K - +0 scale mail {rF+}
rPois    .         Reflect  .   A - +1 hat
rElec    .         Harm     .   u - +1 cloak
rCorr    .         Rampage  .   (no gloves)
Will     .....                  (no boots)
Stlth    ..........             (no amulet)
HPRegen  0.25/turn              (no ring)
MPRegen  0.11/turn              (no ring)

@: no status effects
A: retaliatory headbutt, horns 2
a: Renounce Religion, Berserk, Trog's Hand, Brothers in Arms


You were on level 9 of the Dungeon.
You worshipped Trog.
Trog was extremely pleased with you.
You visited 1 branch of the dungeon, and saw 9 of its levels.
You also visited: Sewer.

You collected 445 gold pieces.

Inventory:

Hand Weapons
 a - a +1 hand axe of freezing (weapon)
 b - a +3 hunting sling
 l - a +0 hand axe
Missiles
 d - 301 stones
 g - 145 sling bullets
 C - 2 boomerangs
Armour
 f - a +0 animal skin
 i - a +0 ring mail
 q - a +0 chain mail
 u - a +1 cloak (worn)
 A - a +1 hat (worn)
 K - a +0 scale mail of fire resistance (worn)
Jewellery
 P - an uncursed ring of wizardry {unknown}
Wands
 p - a wand of iceblast (9)
 B - a wand of mindburst (8)
 E - a wand of digging (5)
 F - a wand of acid (8)
 M - a wand of charming (13)
 O - a wand of random effects (12)
Scrolls
 e - 13 scrolls of identify
 h - 2 scrolls of teleportation
 m - 4 scrolls of remove curse
 s - 3 scrolls of fear
 y - a scroll of magic mapping
 D - a scroll of amnesia {unknown}
 G - 2 scrolls of noise {unknown}
 H - a scroll of fog {unknown}
 I - a scroll of enchant armour
Potions
 c - a potion of might {unknown}
 j - 2 potions of cancellation {unknown}
 k - a potion of brilliance {unknown}
 n - 4 potions of degeneration {unknown}
 o - a potion of mutation {unknown}
 r - 7 potions of curing
 t - 3 potions of attraction {unknown}
 v - 2 potions of flight {unknown}
 w - a potion of resistance
 x - a potion of berserk rage {unknown}
 z - 2 potions of ambrosia {unknown}
 J - 2 potions of lignification {unknown}
 L - 2 potions of haste {unknown}
 N - 2 potions of heal wounds {unknown}


   Skills:
 + Level 9.3 Fighting
 * Level 12.3 Axes
 + Level 8.9 Armour
 + Level 8.1 Dodging


You had 9 spell levels left.
You didn't know any spells.
Your spell library contained the following spells:

 Spells                   Type           Power        Failure   Level
 Foxfire                  Conj/Fire      0%           80%         1
 Conjure Flame            Conj/Fire      0%           99%         3
 Inner Flame              Hex/Fire       0%           99%         3
 Sticky Flame             Conj/Fire      0%           100%        4
 Fireball                 Conj/Fire      0%           100%        5


Dungeon Overview and Level Annotations

Branches:
Dungeon (9/15)             Temple (0/1) D:5            Lair (0/6) D:9
  Sewer (visited)
    Orc: D:9-12

Altars:
Cheibriados
Dithmenos
Fedhas
Ru
Trog
Vehumet
Wu Jian
Xom
Zin

Shops:
D:8 ::[


Innate Abilities, Weirdness & Mutations

You reflexively headbutt those who attack you in melee.
You have a pair of horns on your head.


Message History

The electric eel shoots out a bolt of lightning at you!
The bolt of electricity hits you.
The electric eel shoots out a bolt of lightning at you!
The bolt of electricity misses you.
The electric eel shoots out a bolt of lightning at you!
The bolt of electricity hits you!
The electric eel shoots out a bolt of lightning at you!
The bolt of electricity hits you!
* * * LOW HITPOINT WARNING * * *
The electric eel shoots out a bolt of lightning at you!
The bolt of electricity hits you!
* * * LOW HITPOINT WARNING * * *
The electric eel shoots out a bolt of lightning at you!
The bolt of electricity hits you.
* * * LOW HITPOINT WARNING * * *
The electric eel shoots out a bolt of lightning at you!
The bolt of electricity misses you.
The electric eel shoots out a bolt of lightning at you!
The bolt of electricity hits you!
You die...

#..≈≈≈.≈.≈.≈≈≈≈...
#...≈≈≈≈.;.≈≈≈..#
#...≈≈≈≈.≈≈.≈≈..##
#..≈;≈≈≈.≈≈≈......
#..≈≈≈≈≈.≈≈≈≈...#
#...≈≈.≈.≈≈≈.≈≈.#
#...≈≈.≈.≈≈≈≈...#
#....≈.≈.≈≈.[≈≈.##
#@................
######...............##
..........##.##.##.###
########........#...##
#.###.###[....## #.#
#.##..÷....# .########.#
#.....<..... ..........#
####.......#
.#######..#######.......


You could see an electric eel.

Vanquished Creatures
  2 two-headed ogres (D:8)
  Joseph (D:8)
  Maggie (D:8)
  A troll (D:9)
  A wyvern (D:8)
  Eustachio (D:4)
  2 orc warriors
  2 eyes of draining (D:8)
  A black bear (D:6)
  5 ogres
  3 centaurs
  4 wolves
  2 phantoms
  4 bullfrogs
  A gnoll sergeant (D:6)
  A wyvern zombie (D:6)
  A water moccasin zombie (D:8)
  A scorpion (D:8)
  6 killer bees (D:7)
  A wight (D:9)
  3 electric eels
  6 howler monkeys (D:8)
  A jelly (D:5)
  2 quasits
  An orc priest (D:4)
  A gnoll shaman (D:8)
  5 hounds
  A bullfrog skeleton (D:6)
  3 orc wizards
  2 iguanas
  2 worker ants
  2 hound skeletons
  A worker ant zombie (D:8)
  10 gnolls
  9 adders
  A shadow imp (D:5)
  3 white imps
  An ufetubus (D:5)
  6 oozes
  2 adder skeletons
  5 worms
  2 dart slugs
  5 leopard geckos
  22 orcs
  7 giant cockroaches
  16 goblins
  15 hobgoblins
  11 jackals
  16 kobolds
  4 quokkas
  4 ball pythons
  10 bats
  7 frilled lizards
  8 rats
235 creatures vanquished.

Vanquished Creatures (others)
  A leopard gecko (D:8)
  A giant cockroach (D:8)
2 creatures vanquished.

Grand Total: 237 creatures vanquished

Notes
Turn   | Place    | Note
-------+----------+-------------------------------------------
     0 | D:1      | septik the Minotaur Berserker began the quest for the Orb.
     0 | D:1      | Reached XP level 1. HP: 19/19 MP: 0/0
   358 | D:1      | Reached XP level 2. HP: 27/27 MP: 1/1
   379 | D:1      | Reached skill level 4 in Axes
   833 | D:1      | Reached XP level 3. HP: 33/33 MP: 2/2
  1362 | D:2      | Reached ** piety under Trog
  1880 | D:2      | Reached XP level 4. HP: 40/40 MP: 3/3
  2117 | D:3      | Found a sacrificial altar of Ru.
  2120 | D:3      | Found a bloodstained altar of Trog.
  2123 | D:3      | Found a radiant altar of Vehumet.
  2126 | D:3      | Found a shadowy altar of Dithmenos.
  2280 | D:3      | Reached skill level 5 in Axes
  2377 | D:3      | Found a snail-covered altar of Cheibriados.
  2429 | D:3      | Reached XP level 5. HP: 34/47 MP: 4/4
  2959 | D:4      | Noticed Eustachio
  2968 | D:4      | Killed Eustachio
  2969 | D:4      | Reached XP level 6. HP: 55/55 MP: 5/5
  3093 | D:4      | Reached *** piety under Trog
  3094 | D:4      | Reached skill level 5 in Fighting
  3094 | D:4      | Reached skill level 6 in Axes
  3324 | D:4      | Found a glowing silver altar of Zin.
  3344 | D:5      | Entered Level 5 of the Dungeon
  3345 | D:5      | Found a staircase to the Ecumenical Temple.
  3590 | D:5      | Reached XP level 7. HP: 61/61 MP: 6/6
  3711 | D:5      | Reached skill level 7 in Axes
  4251 | D:6      | Reached skill level 5 in Armour
  4329 | D:6      | Found a glowing drain.
  4339 | Sewer    | Entered a sewer
  4372 | Sewer    | Reached **** piety under Trog
  4964 | D:6      | Reached skill level 8 in Axes
  4964 | D:6      | Reached skill level 5 in Dodging
  4964 | D:6      | Reached XP level 8. HP: 44/70 MP: 7/7
  5740 | D:6      | Reached ***** piety under Trog
  5913 | D:7      | Reached skill level 9 in Axes
  6540 | D:7      | Found an ornate altar of the Wu Jian Council.
  6662 | D:8      | Noticed Joseph
  6672 | D:8      | Reached XP level 9. HP: 68/74 MP: 8/8
  6686 | D:8      | Killed Joseph
  6687 | D:8      | Reached skill level 10 in Axes
  6957 | D:8      | Noticed a two-headed ogre
  6973 | D:8      | Killed a two-headed ogre
  7207 | D:8      | Noticed Maggie
  7227 | D:8      | Killed Maggie
  7228 | D:8      | Reached skill level 11 in Axes
  7249 | D:8      | Noticed a two-headed ogre
  7346 | D:8      | Received a gift from Trog
  7405 | D:8      | Found Synisid's Book Boutique.
  7548 | D:8      | Reached XP level 10. HP: 76/90 MP: 9/9
  7793 | D:8      | Found a shimmering altar of Xom.
  7794 | D:8      | Noticed a two-headed ogre
  7806 | D:8      | Killed a two-headed ogre
  8078 | D:8      | Found Asosch's Book Shoppe.
  8266 | D:8      | Found a blossoming altar of Fedhas.
  8394 | D:8      | Found Zamakloxa's Armour Emporium.
  8553 | D:9      | Reached skill level 12 in Axes
  9124 | D:9      | Found a staircase to the Lair.
  9136 | D:9      | Killed from afar by an electric eel

Illustrated notes

Levels and vault maps discovered:
D:1:      elethiomel_arrival_infinity_welcomes_careful_drivers, layout_basic
D:2:      layout_loops_ring
D:3:      layout_loops_ring, grunt_temple_overflow_cloverleaf,
          general_overflow_altar, minivault_23
D:4:      layout_basic, zin_academy, uniq_eustachio
D:5:      layout_basic, minmay_temple_entry_statues_fountains, serial_curves,
          eino_curves_01, eino_curves_02, eino_curves_02, eino_curves_01
D:6:      corexii_shantytown, layout_loops_ring, portal_sewer_entry_d
D:7:      layout_cave_pools, pdpol_wu_jian_five_deadly_venoms
D:8:      layout_gridville, xom_confusion_cloud, fedhas_altar_4, serial_shops,
          nicolae_shop_crystal, nicolae_shop_waterfront, kennysheep_little_box,
          uniq_joseph, uniq_maggie
D:9:      layout_loops_ring, erik_lair_island, serial_shops, shop,
          grunt_ministairs_9, minivault_7, uniq_erolcha

Skill      XL: |  1  2  3  4  5  6  7  8  9 10 |
---------------+-------------------------------+-----
Axes           | 4 5 6 8 9 11 12 | 12.3
Fighting       | 4 5 6 7 8 9 |  9.3
Armour         | 3 4 5 6 8 |  8.9
Dodging        | 3 4 5 6 7 8 |  8.1

Action                   |  1- 3 |  4- 6 |  7- 9 | 10-12 || total
-------------------------+-------+-------+-------+-------++-------
Melee: Hand axe          |    62 |   116 |   316 |   105 ||   599
       Headbutt          |    10 |    23 |    61 |    16 ||   110
Invok: Berserk           |     1 |     2 |     9 |     3 ||    15
  Use: Scroll            |     1 |       |     8 |       ||     9
Armor: Ring mail         |    17 |       |       |       ||    17
       Animal skin       |     1 |       |       |       ||     1
       Chain mail        |     2 |    60 |    63 |       ||   125
       Scale mail        |       |       |    40 |    25 ||    65
Dodge: Dodged            |    27 |    49 |   141 |    81 ||   298

Table legend: (Time is in decaauts)
 A = Elapsed time spent in this place.
 B = Non-inter-level travel time spent in this place.
 C = Inter-level travel time spent in this place.
 D = Time resting spent in this place.
 E = Time spent auto-exploring this place.
 F = Levels seen in this place.
 G = Mean time per level.
                   A        B        C        D        E       F      G
               +--------+--------+--------+--------+--------+-----+--------+
         Total |   9380 |   9161 |    219 |   1243 |   6230 |  10 |  938.0 |
       Dungeon |   8651 |   8432 |    219 |   1243 |   5837 |   9 |  961.2 |
         Sewer |    729 |    729 |      0 |      0 |    392 |   1 |  729.0 |
               +--------+--------+--------+--------+--------+-----+--------+

Top non-repeatable levels by time:
     D:8: 1724 daAuts
     D:6: 1257 daAuts
     D:1: 1241 daAuts
     D:7: 1108 daAuts
     D:5: 896 daAuts
     D:3: 831 daAuts
     D:2: 735 daAuts
   Sewer: 729 daAuts
     D:4: 575 daAuts
     D:9: 280 daAuts
